AoeStats
← Xanny

Enclosed

503974861Analyzed
4v4 RM · 1mo ago on Sep 3, 2026· 15m 59s· 8 players
Game mode
Random Map
Map size
Large (8 player)
Population
200
Speed
Normal
Resources
Standard
Victory
Conquest
Starting age
Dark Age
Ending age
Imperial Age
RankedLock teamsTeams togetherTeam positionsShared explorationLock speedFull tech treeHidden civsTurbo modeCheats
Victory
Defeat
🇻🇳 Slavs · Vietnam
1294
+15
🇨🇳 Armenians · China
1219
+19
🇨🇳 Wei · China
1210
+19
1204
+19
🇹🇼 Jurchens · Taiwan
1312
-19
🇮🇩 Huns · Indonesia
1290
-19
🇹🇼 Poles · Taiwan
1268
-18
🇹🇼 Italians · Taiwan
1226
-16
NICKC
8:15 Loom
10:15 Feudal Age
11:39 Double-Bit Axe
14:48 Horse Collar
14:57 Loom
慢工出細活
5:36 Loom
10:00 Feudal Age
Xanny
10:26 Feudal Age
9:42 Loom
Yame
10:05 Feudal Age
11:18 Double-Bit Axe
13:08 Scale Barding Armor
14:15 Bloodlines
14:17 Forging
因为
11:09 Feudal Age
11:04 Loom
15:10 Double-Bit Axe
Ejatch Lemayahu Gewodros
6:05 Loom
10:53 Feudal Age
11:42 Double-Bit Axe
只爆叉叉
5:36 Loom
11:45 Feudal Age
12:15 Double-Bit Axe
11:58 Man-at-Arms
13:49 Scale Mail Armor
14:19 Long Swordsman
bina
8:55 Feudal Age
9:03 Loom
9:10 Loom
9:36 Double-Bit Axe
12:24 Horse Collar
14:07 Scale Barding Armor
16:20 Bloodlines
16:31 Forging
Connection lost

Rejoining the realm…

Still unreachable

The connection could not be restored.

Session expired

The server has moved on; the page needs a fresh start.